 Dungeon Crawl Stone Soup version 0.21.1-1-g345015f (webtiles) character file.

625 HammerPanzer the Slasher (level 7, -1/62 HPs)
             Began as a Black Draconian Berserker on Apr 6, 2018.
             Was a Priest of Trog.
             Slain by Pikel
             ... wielding a +2 whip of freezing
              (8 damage)
             ... on level 4 of the Dungeon.
             The game lasted 00:08:15 (2486 turns).

HammerPanzer the Slasher (DrBe)                     Turns: 2486, Time: 00:08:16

Health: -1/62      AC:  6    Str: 20    XL:     7   Next: 23%
Magic:  7/7        EV: 12    Int:  9    God:    Trog [***...]
Gold:   168        SH:  0    Dex: 10    Spells: 6/6 levels left

rFire    . . .     SeeInvis .   a - +0 falchion
rCold    . . .     Gourm    .   (no shield)
rNeg     . . .     Faith    .   (armour unavailable)
rPois    .         Spirit   .   (helmet restricted)
rElec    +         Reflect  .   (no cloak)
rCorr    .         Harm     .   (no gloves)
MR       .....                  (no boots)
Stlth    +.........             (no amulet)
HPRegen  0.20/turn              (no ring)
MPRegen  0.10/turn              (no ring)

@: short of breath, berserk cooldown, starving, slowed, very slow
A: breathe lightning, unfitting armour, electricity resistance, cold-blooded, AC
+6
a: Breathe Lightning, Berserk, Trog's Hand, Burn Spellbooks, Renounce Religion


You were on level 4 of the Dungeon.
You worshipped Trog.
Trog was most pleased with you.
You were starving.

You visited 1 branch of the dungeon, and saw 4 of its levels.

You collected 168 gold pieces.

Inventory:

Hand Weapons
 a - a +0 falchion (weapon)
Jewellery
 i - an uncursed ring of wizardry {unknown}
Scrolls
 c - a scroll of fog {unknown}
 e - 3 scrolls of enchant armour {unknown}
 g - 3 scrolls of identify {unknown}
 k - a scroll of magic mapping {unknown}
 l - a scroll of remove curse
Potions
 d - a potion of lignification {unknown}
 f - 2 potions of heal wounds {unknown}
 h - a potion of agility {unknown}
 j - a potion of might {unknown}
 m - a potion of invisibility {unknown}
Books
 n - a book of Maledictions

   Spells                             Type                      Level
   a - Corona                         Hexes                        1
   b - Ensorcelled Hibernation        Hexes/Ice                    2
   c - Confuse                        Hexes                        3
   d - Tukima's Dance                 Hexes                        3
   e - Dazzling Spray                 Conjuration/Hexes            3
   Trog disapproves of the use of such an item.
Comestibles
 b - 6 rations


   Skills:
 + Level 5.9 Fighting
 * Level 7.1 Long Blades
 - Level 2.6 Dodging


You had 6 spell levels left.
You didn't know any spells.

Dungeon Overview and Level Annotations

Branches:
Dungeon (4/15)
 Temple: D:4-7

Altars:
Elyvilon
Fedhas
Gozag
Kikubaaqudgha
Makhleb
Nemelex Xobeh
Okawaru
Ru
Uskayaw
Wu Jian
The Shining One

Annotations:
D:4 Pikel


Innate Abilities, Weirdness & Mutations

You can breathe wild blasts of lightning.
Your glossy black scales are hard. (AC +6)
You cannot fit into any form of body armour.
You are resistant to electric shocks. (rElec)
You are cold-blooded and may be slowed by cold attacks.


Message History

* * * LOW HITPOINT WARNING * * *
You feel as though you will be slow longer.
Pikel freezes you.
* * * LOW HITPOINT WARNING * * *
The slave hits you.
* * * LOW HITPOINT WARNING * * *
Pikel closely misses you. The slave hits you.
* * * LOW HITPOINT WARNING * * *
You breathe a wild blast of lightning!
You hear a mighty clap of thunder!
The bolt of lightning misses you. x2
You hear a mighty clap of thunder!
The bolt of lightning hits the slave.
The slave is lightly wounded.
The bolt of lightning misses the slave.
The zap hits you! You resist.
* * * LOW HITPOINT WARNING * * *
You are starving!
You hear a shout! x2
Pikel hits you with a whip of freezing!
You die... .. . ##.. .. ... ... pp.

.... ### ....... ###
........#######..
#.....>.pK@pp..'..
#........###.###..
#.....>..# #.#
#........###'###...
..........^........$
#................. .
##......##.#######
.###########...###.#
.....#........###..#


You could see Pikel and 3 slaves.

Vanquished Creatures
  The ghost of Totori the Firebug, an amateur HOFE (D:4)
  Sigmund (D:3)
  The ghost of lyrx the Conjurer, an amateur DsCj (D:3)
  A jelly (D:3)
  An orc wizard (D:3)
  An adder (D:2)
  An ooze (D:1)
  3 worms
  3 dart slugs
  A leopard gecko (D:2)
  4 orcs (D:3)
  2 ball pythons
  5 giant cockroaches
  7 goblins
  10 hobgoblins
  4 jackals (D:2)
  2 quokkas
  7 bats
  9 kobolds
  A leopard gecko skeleton (D:4)
  13 rats
78 creatures vanquished.

Notes
Turn   | Place    | Note
-------+----------+-------------------------------------------
     0 | D:1      | HammerPanzer the Draconian Berserker began the quest for the Orb.
     0 | D:1      | Reached XP level 1. HP: 19/19 MP: 1/1
    84 | D:1      | Reached XP level 2. HP: 24/26 MP: 2/2
   386 | D:1      | Reached XP level 3. HP: 30/33 MP: 3/3
   501 | D:2      | Reached ** piety under Trog
   506 | D:2      | Reached skill level 4 in Long Blades
   868 | D:2      | Reached XP level 4. HP: 32/40 MP: 4/4
  1374 | D:3      | Reached *** piety under Trog
  1486 | D:3      | Noticed Sigmund
  1487 | D:3      | Found a blossoming altar of Fedhas.
  1496 | D:3      | Killed Sigmund
  1496 | D:3      | Reached skill level 5 in Fighting
  1496 | D:3      | Reached skill level 5 in Long Blades
  1496 | D:3      | Reached XP level 5. HP: 48/48 MP: 5/5
  1496 | D:3      | Reached XP level 6. HP: 56/56 MP: 6/6
  1676 | D:3      | Noticed lyrx's ghost (amateur DsCj)
  1691 | D:3      | Killed lyrx's ghost
  1691 | D:3      | Reached skill level 6 in Long Blades
  2272 | D:3      | Found a sacrificial altar of Ru.
  2278 | D:3      | Found a sparkling altar of Nemelex Xobeh.
  2279 | D:3      | Found an ornate altar of the Wu Jian Council.
  2279 | D:3      | Found an ancient bone altar of Kikubaaqudgha.
  2279 | D:3      | Found a white marble altar of Elyvilon.
  2281 | D:3      | Found an iron altar of Okawaru.
  2282 | D:3      | Found a glowing golden altar of the Shining One.
  2283 | D:3      | Found a hide-covered altar of Uskayaw.
  2400 | D:3      | Found a burning altar of Makhleb.
  2463 | D:4      | Found an opulent altar of Gozag.
  2464 | D:4      | Noticed a slave
  2464 | D:4      | Noticed a slave
  2465 | D:4      | Noticed Pikel
  2466 | D:4      | Noticed a slave
  2467 | D:4      | Noticed Totori's ghost (amateur HOFE)
  2469 | D:4      | Noticed a slave
  2478 | D:4      | Killed Totori's ghost
  2478 | D:4      | Reached skill level 7 in Long Blades
  2478 | D:4      | Your scales start taking on a glossy black colour.
  2478 | D:4      | Reached XP level 7. HP: 61/62 MP: 7/7
  2478 | D:4      | Gained mutation: You are resistant to electric shocks. (rElec) [Black Draconian growth]
  2486 | D:4      | Slain by Pikel

Skill      XL: |  1  2  3  4  5  6 |
---------------+-------------------+-----
Long Blades    | 4 5 7 |  7.1
Fighting       | 4 5 |  5.9
Dodging        | |  2.6

Action                   |  1- 3 |  4- 6 |  7- 9 || total
-------------------------+-------+-------+-------++-------
Melee: Falchion          |   117 |   122 |     7 ||   246
       Tailslap          |    15 |    21 |     1 ||    37
Invok: Berserk           |       |     4 |       ||     4
 Abil: Breathe Lightning |       |       |     1 ||     1
  Use: Scroll            |     1 |       |       ||     1
 Stab: Sleeping          |     2 |     1 |       ||     3
  Eat: Chunk             |       |     7 |       ||     7
Armor: Skin              |    33 |    33 |     2 ||    68
Dodge: Dodged            |    88 |    51 |     9 ||   148
       Rpst.: Falchion   |    29 |    12 |     3 ||    44
